 Dungeon Crawl Stone Soup version 0.28.0 (webtiles) character file.

Game seed: 4403111735799068097

158 dolemite99 the Digger (level 5, 0/35 HPs)
             Began as a Demonspawn Earth Elementalist on Feb 5, 2022.
             Was a Believer of Cheibriados.
             Succumbed to an adder's poison
             ... on level 3 of the Dungeon.
             The game lasted 00:02:48 (2350 turns).

dolemite99 the Digger (DsEE)                        Turns: 2350, Time: 00:02:48

Health: 0/35       AC:  3    Str: 11 (13) XL:     5   Next: 16%
Magic:  6/9        EV: 12    Int: 22 (23) God:    Cheibriados [**....]
Gold:   96         SH:  0    Dex: 18 (19) Spells: 4/10 levels left

rFire   . . .      SeeInvis .   i - +0 war axe
rCold   . . .      Faith    .   (no shield)
rNeg    . . .      Spirit   .   j - +0 leather armour
rPois   .          Reflect  .   (no helmet)
rElec   .          Harm     .   (no cloak)
rCorr   .          Rampage  .   (no gloves)
Will    .....                   (no boots)
Stlth   ++........              (no amulet)
HPRegen 0.11/turn               (no ring)
MPRegen 0.11/turn               (no ring)

@: lethally poisoned (0 -> -3), attractive, invisible, very slow
A: hooves 1, sturdy frame 1
a: Renounce Religion, Bend Time


You were on level 3 of the Dungeon.
You worshipped Cheibriados.
Cheibriados was pleased with you.
You visited 1 branch of the dungeon, and saw 3 of its levels.

You collected 96 gold pieces.

Inventory:

Hand Weapons
 g - a +0 dagger
 i - a +0 war axe (weapon)
 m - a +2 dagger of speed
 r - a +0 hunting sling
Missiles
 e - 23 bolts
 o - 8 stones
Armour
 b - a +0 robe
 f - a +0 leather armour
 j - a +0 leather armour (worn)
 t - a +1 ring mail of willpower
 u - a +0 scale mail
Jewellery
 a - a +6 ring of dexterity
 l - a ring of magical power
Wands
 s - a wand of flame (13)
Scrolls
 c - a scroll of immolation {unknown}
 d - a scroll of teleportation {unknown}
 h - 2 scrolls of identify {unknown}
 k - a scroll of fear {unknown}
Potions
 p - a potion of attraction


   Skills:
 - Level 1.7 Dodging
 - Level 1.7 Stealth
 + Level 3.3 Spellcasting
 - Level 0.8 Transmutations
 * Level 4.6 Earth Magic


You had 4 spell levels left.
You knew the following spells:

 Your Spells              Type           Power      Damage    Failure   Level
a - Sandblast             Erth           48%        2d12      1%          1
b - Stone Arrow           Conj/Erth      26%        3d8       16%         3
c - Passwall              Tmut/Erth      12%        N/A       6%          2

Your spell library contained the following spells:

 Spells                   Type           Power      Damage    Failure   Level
 Summon Small Mammal      Summ           12%        N/A       13%         1
 Petrify                  Tmut/Erth      15%        N/A       38%         4


Dungeon Overview and Level Annotations

Branches:
Dungeon (3/15)

Altars:
Cheibriados
Wu Jian

Portals:
Sewer: D:3

Annotations:
D:3 2 transporters, dolemite99's ghost, amateur GnEE


Innate Abilities, Weirdness & Mutations

You have large cloven feet.
Your movements are slightly less encumbered by armour. (ER -2)


Message History

You feel sick.
The giant cockroach bites you but does no damage.
It was a potion of attraction.
You feel attractive to monsters.
* * * LOW HITPOINT WARNING * * *
You feel sick. The giant cockroach closely misses you.
It was a potion of degeneration.
There was something very wrong with that liquid.
You feel weakened.
You feel dopey.
You feel clumsy.
* * * LOW HITPOINT WARNING * * *
You feel sick.
The giant cockroach bites you but does no damage.
It was a potion of invisibility.
You fade into invisibility!
* * * LOW HITPOINT WARNING * * *
You feel sick. The giant cockroach barely misses you.
You hit the giant cockroach.
The giant cockroach is heavily wounded.
* * * LOW HITPOINT WARNING * * *
You feel sick. The giant cockroach misses you.
You catch the helpless giant cockroach completely off-guard!
You slash the giant cockroach!
You kill the giant cockroach!
Cheibriados appreciates the change of pace.
* * * LOW HITPOINT WARNING * * *
You feel sick.
You hit the giant cockroach but do no damage.
* * * LOW HITPOINT WARNING * * *
You feel sick. The giant cockroach closely misses you.
The giant cockroach barely misses you.
You hit the giant cockroach. Your kick misses the giant cockroach.
The giant cockroach is almost dead.
* * * LOW HITPOINT WARNING * * *
You feel sick.
The giant cockroach waves its antennae.
You hit the giant cockroach but do no damage.
You kick the giant cockroach.
You kill the giant cockroach!
Cheibriados appreciates the change of pace.
You die...

### #.. #.# #.# #
#.# .# #.####.##
#.@†B...# #.##'##.#
#.#≈≈≈#.### .
##.#≈≈≈#... ..
#..#≈∩≈#.##..
#..#≈≈≈#......#8....
#..#≈≈≈#.##...#.....
#..#####.##...#.....
#........# ..©#....©


You could see a giant cockroach.

Vanquished Creatures
  An ogre (D:2)
  3 adders
  A worm (D:2)
  2 dart slugs (D:2)
  An endoplasm (D:2)
  6 giant cockroaches
  A hobgoblin (D:3)
  4 jackals (D:2)
  3 kobolds
  A quokka (D:1)
  7 ball pythons
  3 bats
  A frilled lizard (D:1)
  4 goblins
  2 rats
40 creatures vanquished.

Notes
Turn   | Place    | Note
-------+----------+-------------------------------------------
     0 | D:1      | dolemite99 the Demonspawn Earth Elementalist began the
                  | quest for the Orb.
     0 | D:1      | Reached XP level 1. HP: 13/13 MP: 3/3
   204 | D:1      | Reached skill level 3 in Earth Magic
   336 | D:1      | Gained mutation: Your movements are slightly less
                  | encumbered by armour. (ER -2) [demonic ancestry]
   336 | D:1      | Reached XP level 2. HP: 19/19 MP: 3/5
   380 | D:1      | Found a faded altar of an unknown god.
   386 | D:1      | Got Plato's Incunabulum of Creation
   387 | D:1      | Prayed at the altar of an unknown god.
   387 | D:1      | Became a worshipper of Cheibriados the Contemplative
   387 | D:1      | Reached * piety under Cheibriados
  1080 | D:2      | Noticed an ogre
  1091 | D:2      | Killed an ogre
  1092 | D:2      | Reached skill level 4 in Earth Magic
  1092 | D:2      | Gained mutation: You have large cloven feet. [demonic
                  | ancestry]
  1092 | D:2      | Reached XP level 3. HP: 17/24 MP: 0/7
  1092 | D:2      | Reached XP level 4. HP: 21/30 MP: 0/8
  1202 | D:2      | Learned a level 3 spell: Stone Arrow
  1213 | D:2      | Learned a level 2 spell: Passwall
  1253 | D:2      | Found an ornate altar of the Wu Jian Council.
  1299 | D:2      | Reached ** piety under Cheibriados
  2131 | D:3      | Found a snail-covered altar of Cheibriados.
  2144 | D:3      | Found a transporter.
  2154 | D:3      | Found a transporter.
  2154 | D:3      | Noticed dolemite99's ghost (amateur GnEE)
  2312 | D:3      | Found a glowing drain.
  2335 | D:3      | Reached XP level 5. HP: 32/35 MP: 9/9
  2348 | D:3      | HP: 1/35 [poisoned by an adder]
  2350 | D:3      | Succumbed to an adder's poison

Illustrated notes

Levels and vault maps discovered:
D:1:      minmay_arrival_three_doors, layout_basic,
          shapermc_ecumenical_altar_rom_forum, minivault_14, minmay_tetromino_o2
D:2:      layout_rooms, basic_altar, minmay_fractal_squares_gapless_5
D:3:      layout_loops_corners, overflow_temple_1_default,
          gammafunk_ghost_arena, gup_sewer_entry_glass, serial_shops,
          nicolae_shop_crystal

Skill      XL: |  1  2 |
---------------+-------+-----
Earth Magic    | 3 4 |  4.6
Spellcasting   | 3 |  3.3
Dodging        | |  1.7
Stealth        | |  1.7
Transmutations | |  0.8

Action                   |  1- 3 |  4- 6 || total
-------------------------+-------+-------++-------
Melee: Dagger            |     1 |       ||     1
       War axe           |       |    32 ||    32
       Kick              |       |     7 ||     7
       Punch             |       |     1 ||     1
 Cast: Sandblast         |    20 |    23 ||    43
  Use: Potion            |       |     3 ||     3
 Stab: Invisible         |       |     1 ||     1
Armor: Leather armour    |     1 |    21 ||    22
Dodge: Dodged            |    12 |    45 ||    57
